AoeStats
← Neo2087

Oasis

507938094Analyzed
4v4 RM · 13d ago on Sep 20, 2026· 43m 51s· 8 players
Game mode
Random Map
Map size
Large (8 player)
Population
200
Speed
Normal
Resources
Standard
Victory
Conquest
Starting age
Dark Age
Ending age
Imperial Age
RankedLock teamsTeams togetherTeam positionsShared explorationLock speedFull tech treeHidden civsTurbo modeCheats
Victory
Defeat
🇩🇪 Mongols · Germany
1125
+14
🇪🇸 Bulgarians · Spain
1112
+15
1034
+18
🇻🇳 Teutons · Vietnam
1034
+18
🇨🇿 Spanish · Czechia
1139
-18
🇹🇷 Franks · Türkiye
1139
-19
🇦🇺 Ethiopians · Australia
1094
-17
🇦🇺 Saracens · Australia
951
-11
Xin đừng đánh em
2:56 Loom
10:55 Feudal Age
11:33 Double-Bit Axe
19:05 Castle Age
17:13 Horse Collar
18:35 Gold Mining
19:11 Forging
19:07 Scale Barding Armor
19:14 Bloodlines
20:26 Wheelbarrow
20:59 Bow Saw
21:09 Town Watch
21:34 Heavy Plow
24:04 Stone Mining
24:50 Town Patrol
25:38 Stone Shaft Mining
26:59 Hand Cart
26:47 Elite Skirmisher
29:17 Fletching
29:28 Padded Archer Armor
35:02 Imperial Age
33:59 Iron Casting
34:10 Chain Barding Armor
35:51 Caravan
37:14 Conscription
38:35 Blast Furnace
37:40 Cavalier
40:00 Crop Rotation
40:37 Two-Man Saw
41:51 Plate Barding Armor
42:28 Paladin
Prof. Dr. Abuzer KÖMÜRCÜ
9:56 Feudal Age
10:45 Horse Collar
16:11 Castle Age
13:57 Loom
23:48 Double-Bit Axe
29:29 Fletching
29:40 Padded Archer Armor
30:49 Ballistics
33:02 Imperial Age
31:05 Bodkin Arrow
32:31 Leather Archer Armor
33:26 Gold Mining
33:26 Stone Mining
33:45 Elite Skirmisher
35:44 Chemistry
34:55 Bracer
35:26 Ring Archer Armor
35:07 Elite Genoese Crossbowman
38:28 Conscription
38:43 Heavy Plow
39:19 Wheelbarrow
Bolea99
2:26 Loom
11:50 Feudal Age
13:14 Arson
13:43 Horse Collar
15:11 Forging
22:46 Castle Age
21:54 Double-Bit Axe
22:03 Gold Mining
24:00 Bow Saw
24:29 Wheelbarrow
24:58 Scale Barding Armor
25:01 Husbandry
26:03 Bloodlines
26:39 Iron Casting
27:14 Heavy Plow
27:46 Chain Barding Armor
30:12 Hand Cart
36:15 Imperial Age
37:08 Cavalier
39:57 Plate Barding Armor
40:23 Blast Furnace
41:16 Stirrups
41:42 Conscription
TheHalloweenGambit
10:16 Feudal Age
8:32 Loom
10:54 Horse Collar
15:06 Castle Age
13:43 Double-Bit Axe
17:33 Heavy Plow
22:04 Stone Mining
25:05 Wheelbarrow
24:15 Town Watch
26:57 Stone Shaft Mining
26:12 Gold Mining
30:44 Imperial Age
28:29 Hand Cart
28:52 Gold Shaft Mining
28:45 Ballistics
28:21 Fletching
29:24 Bodkin Arrow
29:29 Padded Archer Armor
29:40 Forging
29:36 Scale Barding Armor
30:35 Masonry
30:50 Leather Archer Armor
31:37 Bloodlines
31:27 Husbandry
31:32 Bracer
32:07 Iron Casting
31:53 Chain Barding Armor
32:35 Chemistry
32:03 Parthian Tactics
31:44 Thumb Ring
32:04 Conscription
32:41 Bow Saw
33:39 Blast Furnace
32:02 Light Cavalry
32:48 Caravan
32:18 Elite Mangudai
33:38 Capped Ram
33:46 Hussar
35:16 Siege Ram
Neo2087
8:10 Loom
11:34 Feudal Age
11:57 Horse Collar
12:54 Wheelbarrow
12:08 Double-Bit Axe
20:12 Castle Age
22:05 Bow Saw
23:52 Stone Mining
25:30 Heavy Plow
28:31 Hand Cart
29:21 Husbandry
29:29 Gold Mining
30:43 Caravan
35:37 Imperial Age
34:27 Bloodlines
34:26 Scale Barding Armor
34:33 Forging
34:14 Fletching
34:26 Padded Archer Armor
34:24 Elite Skirmisher
35:15 Murder Holes
36:20 Iron Casting
36:57 Conscription
39:04 Two-Man Saw
39:26 Ballistics
39:55 Elite Mameluke
40:49 Thumb Ring
42:57 Chain Barding Armor
Frosty
8:25 Loom
10:52 Feudal Age
12:05 Double-Bit Axe
14:56 Castle Age
15:13 Forging
15:08 Scale Barding Armor
24:16 Bow Saw
28:23 Imperial Age
27:09 Wheelbarrow
26:54 Husbandry
28:12 Iron Casting
28:12 Chain Barding Armor
28:10 Stone Mining
28:11 Gold Mining
28:49 Cavalier
31:33 Gold Shaft Mining
32:28 Blast Furnace
32:45 Chemistry
33:30 Ballistics
33:16 Siege Engineers
33:22 Masonry
32:58 Arrowslits
34:12 #83
34:16 Conscription
34:45 Plate Barding Armor
34:12 Scale Mail Armor
34:32 Elite Throwing Axeman
37:38 Chain Mail Armor
38:54 Hand Cart
eNF-
6:45 Loom
10:06 Feudal Age
18:29 Double-Bit Axe
24:46 Castle Age
23:25 Horse Collar
24:08 Fletching
27:19 Bow Saw
30:53 Crossbowman
33:36 Bodkin Arrow
34:59 Padded Archer Armor
36:44 Thumb Ring
38:38 Leather Archer Armor
TheShade
8:07 Loom
11:10 Feudal Age
17:39 Castle Age
16:05 Double-Bit Axe
16:50 Town Watch
16:48 Horse Collar
18:37 Heavy Plow
20:36 Bow Saw
26:54 Bloodlines
29:59 Wheelbarrow
29:50 Husbandry
30:00 Scale Barding Armor
33:56 Hand Cart
38:07 Imperial Age
36:07 Fervor
37:08 Ballistics
36:59 Masonry
37:00 Town Patrol
38:41 Chain Barding Armor
38:32 Forging
38:14 Fletching
Connection lost

Rejoining the realm…

Still unreachable

The connection could not be restored.

Session expired

The server has moved on; the page needs a fresh start.